 Dungeon Crawl Stone Soup version 0.22-a0-479-gc6e99f3 (webtiles) character file.

103574 KristoblXynda the Brawler (level 15, -20/136 HPs)
             Began as a Troll Wizard on June 14, 2018.
             Was the Champion of Ashenzari.
             Killed from afar by a frost giant (25 damage)
             ... with a bolt of cold
             ... on level 1 of the Depths.
             The game lasted 01:28:04 (26178 turns).

KristoblXynda the Brawler (Troll Wizard)           Turns: 26178, Time: 01:28:05

Health: -20/136    AC: 10    Str: 19    XL:     15   Next: 89%
Magic:  25/25      EV: 16    Int: 19    God:    Ashenzari [******]
Gold:   1832       SH: 10    Dex:  8    Spells: 10/29 levels left

rFire    + . .     SeeInvis +     - Unarmed
rCold    + . .     Gourm    +   a - +0 shield (curse)
rNeg     . . .     Faith    .   M - +2 troll leather armour (curse)
rPois    +         Spirit   .   b - +1 hat
rElec    .         Reflect  .   r - scarf {rC+ rF+} (curse)
rCorr    .         Harm     .   (gloves unavailable)
MR       +....     Clarity  +   (boots unavailable)
Stlth    ++........             F - amulet of rage
HPRegen  1.12/turn              B - ring of poison resistance (curse)
MPRegen  0.19/turn              u - +4 ring of evasion (curse)

@: no status effects
A: large, unfitting armour, claws 3, fast metabolism 3, gourmand, regeneration
1, shaggy fur 1, tough skin 2
a: Curse Item, Scrying, Transfer Knowledge, Renounce Religion, Evoke Berserk
Rage


You were on level 1 of the Depths.
You worshipped Ashenzari.
Ashenzari was exalted by your worship.
You were not hungry.

You visited 5 branches of the dungeon, and saw 25 of its levels.
You also visited: Labyrinth, Ossuary and Bailey.

You collected 2783 gold pieces.
You spent 951 gold pieces at shops.

Inventory:

Hand Weapons
 h - the +3 war axe "Beastbane" {flame, Dex+3}
   (You found it on level 6 of the Lair of Beasts)

   It has been specially enchanted to burn those struck by it, causing extra
   injury to most foes and up to half again as much damage against particularly
   susceptible opponents.
   Big, fiery blades are also staple armaments of hydra-hunters.
   It affects your dexterity (+3).
Missiles
 G - 5 throwing nets (quivered)
Armour
 a - a cursed +0 shield (worn)
 b - a +1 hat (worn)
 r - a cursed scarf of resistance (worn)
 L - a scarf of repulsion
 M - a cursed +2 troll leather armour (worn)
Jewellery
 u - a cursed +4 ring of evasion (right claw)
 A - a +4 ring of protection
 B - a cursed ring of poison resistance (left claw)
 F - an amulet of rage (around neck)
 K - an uncursed ring of protection from fire
Wands
 k - a wand of digging (22)
 q - a wand of iceblast (3)
 E - a wand of disintegration (48)
 N - a wand of acid (4)
Scrolls
 e - 4 scrolls of enchant armour
 f - a scroll of brand weapon
 l - 2 scrolls of remove curse
 n - 5 scrolls of blinking
 p - 11 scrolls of teleportation
 t - 3 scrolls of magic mapping
 y - 5 scrolls of amnesia
 z - 13 scrolls of identify
 C - a scroll of holy word
 H - 8 scrolls of enchant weapon
 I - 5 scrolls of fog
 P - 3 scrolls of fear
 Q - a scroll of summoning
Potions
 c - 2 potions of heal wounds
 g - 5 potions of agility
 i - a potion of lignification
 j - 10 potions of curing
 o - 5 potions of cancellation
 s - a potion of flight
 v - 5 potions of haste
 w - a potion of brilliance
 x - 3 potions of might
 D - 3 potions of magic
 J - a potion of mutation
Miscellaneous
 m - a box of beasts
 O - a sack of spiders
Comestibles
 d - 41 rations


   Skills:
 - Level 5.7 Fighting
 - Level 5.0 Armour
 - Level 5.1(8.1) Dodging
 - Level 1.0(2.7) Stealth
 + Level 4.9(7.9) Shields
 - Level 15.0 Unarmed Combat
 - Level 7.5 Spellcasting
 - Level 10.2(13.0) Conjurations
   Level 0.6(2.0) Summonings
   Level 0.6(2.0) Translocations
 + Level 5.4(8.4) Transmutations
 + Level 4.3(7.2) Earth Magic
 - Level 7.4(10.4) Evocations


You had 10 spell levels left.
You knew the following spells:

 Your Spells              Type           Power        Failure   Level  Hunger
a - Magic Dart            Conj           ####         1%          1    None
b - Mephitic Cloud        Conj/Pois/Air  ###.....     6%          3    #......
c - Statue Form           Tmut/Erth      #####....    65%         6    ######.
d - Freezing Cloud        Conj/Ice/Air   ###.......   97%         6    ######.
e - Regeneration          Chrm/Necr      #.........   34%         3    #......

Your spell library contained the following spells:

 Spells                   Type           Power        Failure   Level  Hunger
 Apportation              Tloc           ##....       6%          1    None
 Conjure Flame            Conj/Fire      ####....     2%          3    #......
 Lightning Bolt           Conj/Air       ####......   24%         5    #####..
 Bolt of Magma            Conj/Fire/Erth ####......   22%         5    #####..
 Slow                     Hex            #.......     19%         2    None
 Ring of Flames           Chrm/Fire      #.........   100%        7    #######
 Venom Bolt               Conj/Pois      ####......   24%         5    #####..
 Summon Small Mammal      Summ           ##..         6%          1    None
 Blink                    Tloc           N/A          10%         2    None
 Animate Dead             Necr           N/A          75%         4    ###....
 Pain                     Necr           #...         12%         1    None
 Animate Skeleton         Necr           N/A          12%         1    None
 Vampiric Draining        Necr           #.........   34%         3    #......
 Call Imp                 Summ           ##......     10%         2    None
 Iron Shot                Conj/Erth      #####.....   32%         6    ######.
 Shadow Creatures         Summ           N/A          100%        6    ######.
 Confusing Touch          Hex            #.....       12%         1    None
 Ensorcelled Hibernation  Hex/Ice        #.....       19%         2    None
 Silence                  Hex/Air        #.........   97%         5    #####..
 Shatter                  Erth           ####......   100%        9    #######
 Static Discharge         Conj/Air       ####....     2%          3    #......
 Orb of Destruction       Conj           ######....   50%         7    #######
 Tornado                  Air            #.........   100%        9    #######
 Leda's Liquefaction      Hex/Erth       ###.......   28%         4    ###....
 Darkness                 Hex            #.........   100%        6    ######.
 Iskenderun's Battlesphe  Conj/Chrm      ####....     24%         5    #####..
 Spellforged Servitor     Conj/Summ      #####.....   99%         7    #######
 Poisonous Vapours        Pois/Air       #.....       19%         2    None
 Ignition                 Fire           #.........   100%        8    #######
 Borgnjor's Vile Clutch   Necr/Erth      ###.......   63%         5    #####..


Dungeon Overview and Level Annotations

Branches:
Dungeon (15/15)            Temple (1/1) D:7            Lair (6/6) D:10
  Swamp (0/4) Lair:4       Spider (0/4) Lair:4        Slime (0/5) Lair:5
    Orc (2/2) D:10            Elf (0/3) Orc:2        Vaults (0/5) D:13
 Depths (1/5) D:15

Altars:
Ashenzari
Cheibriados
Dithmenos
Elyvilon
Fedhas
Gozag
Hepliaklqana
Kikubaaqudgha
Makhleb
Nemelex Xobeh
Okawaru
Qazlal
Ru
Sif Muna
Trog
Uskayaw
Vehumet
Wu Jian
Xom
Yredelemnul
Zin
The Shining One
Beogh
Jiyva

Shops:
D:10 ?   Orc:2 *=(*

Portals:
Hell: Depths:1


Innate Abilities, Weirdness & Mutations

You are too large for most types of armour.
You have claws for hands.
Your metabolism is lightning-fast.
You like to eat raw meat.
Your natural rate of healing is unusually fast.
You are covered in fur. (AC +1)
You have very tough skin. (AC +2)


Message History

The juggernaut skeleton is moderately damaged.
The bolt of acid hits the ettin.
The ettin is splashed with acid.
The acid corrodes the ettin!
The ettin is almost dead.
The bolt of acid hits the frost giant.
The frost giant is splashed with acid.
The frost giant is lightly wounded.
Evoke which item? (* to show all) (? for menu, Esc to quit)
Aiming: Disintegrate
Press: ? - help, Shift-Dir - straight line, f/p - lindwurm
Aim: a lindwurm (chance to defeat MR: 80%)
Okay, then.
There is an open door here.
The juggernaut skeleton is no longer covered in acid.
The juggernaut skeleton hits you!!!
* * * LOW HITPOINT WARNING * * *
You block the juggernaut skeleton's attack.
There is an open door, spattered with blood here.
The frost giant gestures at you while chanting.
The bolt of cold hits you! You resist.
You die...

#.......#### #.# #.....
#..........#########.## #.....
........##...##.......######.....
#.......####..........#..........
#.......# ####.........####...).
######..#######.......### #.....
.....#>.##########.###### #.....
.....############..####### ##.###
.....###########@.###########.#
'###############'###########..#
.#...#######....Z....#######'##**
.#T.>#######.........#####.... ∆,
.#?..#.###.'......C..#####...., ,
.#.?T#.###.#........C#####.... ,
.'.(.#.'...#.........#{){{Z... ,
.#####.#####.........'.###k... ,
.#...#.#####.........#####.... ,


You could see a frost giant, an ettin and a juggernaut skeleton.

Vanquished Creatures
  2 orc warlords (Orc:2)
  A stone giant (Depths:1)
  2 very ugly things (Depths:1)
  A minotaur (Lab)
  The ghost of ThereIsNoGod the Protected, a journeyman GnWn of Okawaru (D:13)
  Snorg (D:10)
  A fire dragon (D:15)
  5 vault guards (D:13)
  5 hydras
  An ice dragon (D:15)
  A catoblepas (Lair:5)
  4 centaur warriors
  A merfolk avatar (Lair:6)
  An ogre mage (Depths:1)
  13 two-headed ogres
  A death knight (D:15)
  4 orc high priests (Orc:2)
  A deep elf knight (D:13)
  Sonja (D:14)
  Nergalle (D:11)
  2 unseen horrors
  A sea snake (Lair:6)
  2 phantasmal warriors (D:15)
  A deep elf archer (Bailey)
  A deep troll (shapeshifter) (D:14)
  A necromancer (Depths:1)
  6 orc knights
  16 deep elf magi
  4 oklob plants (Lair:2)
  6 orc sorcerers
  4 manticores
  A frost giant zombie (Depths:1)
  2 elephants (Lair:6)
  12 ugly things
  5 black mambas
  The ghost of Laiders72 the Ruffian, a novice DrTm of Ashenzari (D:8)
  2 centaur skeletons
  2 gargoyles
  A torpor snail (Lair:3)
  A yaktaur (D:13)
  5 rime drakes
  13 spiny frogs
  9 komodo dragons
  3 tengu conjurers
  6 trolls
  A wind drake (Lair:6)
  2 jumping spiders (Lair:4)
  3 polar bears (Lair:6)
  A hornet (D:14)
  8 blink frogs
  A slime creature (Lair:5)
  8 dream sheep
  8 hippogriffs
  3 shadows
  A water elemental (D:13)
  2 redbacks (Lair:4)
  A spriggan (D:7)
  44 yaks
  2 vampires
  6 wraiths
  5 wyverns
  3 basilisks
  A hungry ghost (D:11)
  3 wargs
  2 acid dragons
  A swamp worm (Lair:4)
  9 water moccasins
  10 porcupines
  A swamp drake (D:10)
  3 ice beasts
  42 orc warriors
  2 sky beasts
  2 black bears
  A hornet zombie (D:12)
  3 phantoms
  An eye of draining (D:12)
  A necrophage (D:13)
  8 wolves
  25 ogres
  The ghost of Tallim the Poker, an amateur MfGl of Vehumet (D:3)
  10 centaurs
  19 crocodiles
  7 big kobolds
  14 bullfrogs
  2 gnoll sergeants
  A wyvern zombie (D:12)
  2 water moccasin zombies (Ossuary)
  5 jellies
  2 scorpions
  A water moccasin skeleton (D:11)
  7 wights
  A howler monkey (D:6)
  2 electric eels (D:13)
  6 crimson imps
  4 centaur zombies
  A bullfrog zombie (D:12)
  5 hounds
  A quasit (D:11)
  28 orc priests
  An iron imp (Depths:1)
  2 bullfrog skeletons
  An iguana (D:9)
  21 orc wizards
  6 worker ants
  A killer bee zombie (D:8)
  4 big kobold zombies (Ossuary)
  2 hound zombies
  2 mummies (Ossuary)
  10 gnolls
  7 adders
  5 shadow imps
  An ooze (D:2)
  An adder skeleton (D:6)
  4 adder zombies (Ossuary)
  2 worms (D:2)
  2 dart slugs (D:1)
  4 leopard geckos
  110 orcs
  3 ball pythons
  6 bats
  5 giant cockroaches
  11 goblins
  10 hobgoblins
  13 jackals
  19 kobolds
  8 quokkas
  10 frilled lizards
  2 gnoll zombies (Ossuary)
  7 hobgoblin zombies (Ossuary)
  6 kobold zombies (Ossuary)
  A leopard gecko skeleton (D:7)
  A leopard gecko zombie (D:5)
  An orc zombie (Ossuary)
  2 quokka skeletons
  3 quokka zombies
  8 rats
  A rat zombie (D:4)
791 creatures vanquished.

Vanquished Creatures (others)
  An orc wizard (Orc:1)
  A kobold (D:13)
  4 fungi
  6 plants
12 creatures vanquished.

Grand Total: 803 creatures vanquished

Notes
Turn   | Place    | Note
-------+----------+-------------------------------------------
     0 | D:1      | KristoblXynda the Troll Wizard began the quest for the Orb.
     0 | D:1      | Reached XP level 1. HP: 16/16 MP: 2/2
    99 | D:1      | Reached skill level 1 in Conjurations
   102 | D:1      | Reached skill level 1 in Unarmed Combat
   104 | D:1      | Reached XP level 2. HP: 19/24 MP: 4/4
   520 | D:1      | Reached XP level 3. HP: 26/31 MP: 5/5
  1157 | D:2      | Reached skill level 2 in Unarmed Combat
  1378 | D:2      | Reached XP level 4. HP: 39/39 MP: 6/6
  1743 | D:3      | Noticed an ice beast
  1759 | D:3      | Killed an ice beast
  1759 | D:3      | Reached skill level 3 in Unarmed Combat
  1759 | D:3      | Reached XP level 5. HP: 36/45 MP: 4/7
  1772 | D:3      | Learned a level 3 spell: Mephitic Cloud
  2177 | D:3      | Noticed Tallim's ghost (amateur MfGl)
  2217 | D:3      | Killed Tallim's ghost
  2217 | D:3      | Reached skill level 4 in Unarmed Combat
  2217 | D:3      | Reached XP level 6. HP: 23/53 MP: 8/8
  2261 | D:3      | Found a faded altar of an unknown god.
  2261 | D:3      | Found a faded altar of an unknown god.
  2266 | D:3      | Found a glowing golden altar of the Shining One.
  2268 | D:3      | Found a basalt altar of Yredelemnul.
  2269 | D:3      | Found a hazy altar of Hepliaklqana.
  2433 | D:4      | Found a sand-covered staircase.
  2440 | Ossuary  | Entered an ossuary
  2602 | Ossuary  | Reached skill level 5 in Unarmed Combat
  2699 | Ossuary  | Reached XP level 7. HP: 59/59 MP: 9/9
  2871 | D:4      | Found an ancient bone altar of Kikubaaqudgha.
  2899 | D:4      | Got a crystal long sword
  3061 | D:4      | Reached skill level 6 in Unarmed Combat
  3522 | D:5      | Entered Level 5 of the Dungeon
  3593 | D:5      | Reached XP level 8. HP: 56/67 MP: 10/10
  3614 | D:5      | Reached skill level 5 in Conjurations
  3985 | D:5      | Found a sparkling altar of Nemelex Xobeh.
  4109 | D:5      | Reached skill level 7 in Unarmed Combat
  4618 | D:6      | Found a bloodstained altar of Trog.
  4619 | D:6      | Found a shattered altar of Ashenzari.
  4635 | D:6      | Became a worshipper of Ashenzari the Shackled
  4684 | D:6      | Found a deep blue altar of Sif Muna.
  4805 | D:6      | Reached skill level 8 in Unarmed Combat
  4944 | D:6      | Reached XP level 9. HP: 74/74 MP: 4/11
  5375 | D:7      | Found a staircase to the Ecumenical Temple.
  5431 | Temple   | Entered the Ecumenical Temple
  5431 | Temple   | Reached * piety under Ashenzari
  6197 | D:7      | Found a sacrificial altar of Ru.
  6443 | D:8      | Reached skill level 9 in Unarmed Combat
  6463 | D:8      | Noticed Laiders72's ghost (novice DrTm)
  6478 | D:8      | Killed Laiders72's ghost
  7137 | D:9      | Noticed a two-headed ogre
  7184 | D:9      | Killed a two-headed ogre
  7184 | D:9      | Reached skill level 10 in Unarmed Combat
  7201 | D:9      | Found a flagged portal.
  7246 | Bailey   | Entered a bailey
  7253 | Bailey   | Noticed a deep elf mage
  7257 | Bailey   | Noticed a deep elf mage
  7260 | Bailey   | Noticed a deep elf mage
  7261 | Bailey   | Killed a deep elf mage
  7261 | Bailey   | Reached XP level 10. HP: 65/83 MP: 2/12
  7261 | Bailey   | Noticed a deep elf mage
  7268 | Bailey   | Noticed a deep elf mage
  7269 | Bailey   | Killed a deep elf mage
  7269 | Bailey   | Reached skill level 1 in Fighting
  7269 | Bailey   | Noticed a deep elf mage
  7277 | Bailey   | Killed a deep elf mage
  7284 | Bailey   | Killed a deep elf mage
  7294 | Bailey   | Killed a deep elf mage
  7295 | Bailey   | Killed a deep elf mage
  7295 | Bailey   | Noticed a deep elf mage
  7300 | Bailey   | Killed a deep elf mage
  7300 | Bailey   | Noticed a deep elf mage
  7309 | Bailey   | Killed a deep elf mage
  7314 | Bailey   | Noticed a deep elf mage
  7327 | Bailey   | Noticed a deep elf mage
  7335 | Bailey   | Killed a deep elf mage
  7336 | Bailey   | Noticed a deep elf mage
  7347 | Bailey   | Killed a deep elf mage
  7347 | Bailey   | Reached XP level 11. HP: 52/98 MP: 1/13
  7354 | Bailey   | Killed a deep elf mage
  7354 | Bailey   | Reached skill level 11 in Unarmed Combat
  7472 | Bailey   | Noticed a deep elf mage
  7488 | Bailey   | Killed a deep elf mage
  7492 | Bailey   | Noticed a deep elf mage
  7499 | Bailey   | Killed a deep elf mage
  7692 | Bailey   | Noticed a deep elf archer
  7711 | Bailey   | Killed a deep elf archer
  7769 | Bailey   | Learned a level 6 spell: Statue Form
  7924 | D:9      | Reached ** piety under Ashenzari
  7951 | D:9      | Found a radiant altar of Vehumet.
  7954 | D:9      | Noticed a two-headed ogre
  7955 | D:9      | Found an opulent altar of Gozag.
  7963 | D:9      | Killed a two-headed ogre
  8690 | D:10     | Entered Level 10 of the Dungeon
  8709 | D:10     | Killed an unseen horror
  8709 | D:10     | Reached skill level 5 in Fighting
  8709 | D:10     | Reached skill level 10 in Conjurations
  8864 | D:10     | Found Ruluex's Magic Scroll Boutique.
  8925 | D:10     | Bought a scroll of identify for 30 gold pieces
  9053 | D:10     | Noticed Snorg
  9065 | D:10     | Killed Snorg
  9088 | D:10     | Found a staircase to the Lair.
  9314 | D:10     | Noticed a two-headed ogre
  9325 | D:10     | Killed a two-headed ogre
  9519 | D:10     | Found a staircase to the Orcish Mines.
  9536 | D:10     | Reached XP level 12. HP: 111/111 MP: 7/16
  9568 | D:10     | Reached skill level 12 in Unarmed Combat
  9578 | D:10     | Reached skill level 1 in Evocations
 10058 | D:11     | Noticed a two-headed ogre
 10070 | D:11     | Killed a two-headed ogre
 10143 | D:11     | Reached *** piety under Ashenzari
 10174 | D:11     | Noticed Nergalle
 10191 | D:11     | Killed Nergalle
 11025 | D:12     | Noticed a four-headed hydra
 11041 | D:12     | Killed a 14-headed hydra
 11041 | D:12     | Reached skill level 1 in Armour
 11409 | D:13     | Noticed a vault guard
 11409 | D:13     | Noticed a vault guard
 11418 | D:13     | Found a labyrinth entrance.
 11422 | D:13     | Noticed a five-headed hydra
 11434 | D:13     | Killed a five-headed hydra
 11446 | Lab      | Entered a labyrinth
 11711 | Lab      | Noticed a minotaur
 11732 | Lab      | Killed a minotaur
 11732 | Lab      | Identified the ring "Hucw" {+Blink AC+2 Str+9 Dex-4 Slay-4} (You took it off a minotaur in a labyrinth)
 11859 | D:13     | Noticed ThereIsNoGod's ghost (journeyman GnWn)
 11873 | D:13     | Killed ThereIsNoGod's ghost
 12116 | D:13     | Reached XP level 13. HP: 105/120 MP: 19/19
 12213 | D:13     | Found a shimmering altar of Xom.
 12273 | D:13     | Reached **** piety under Ashenzari
 12308 | D:13     | Reached skill level 5 in Spellcasting
 12318 | D:13     | Reached skill level 13 in Unarmed Combat
 12576 | D:13     | Found a gate to the Vaults.
 12986 | D:13     | Identified the +4 long sword "Xahis" {slice, rElec Str+4} (You found it on level 4 of the Dungeon)
 13425 | D:14     | Noticed Sonja
 13447 | D:14     | Reached skill level 5 in Evocations
 13789 | D:14     | Found a stormy altar of Qazlal.
 13791 | D:14     | Killed Sonja
 13791 | D:14     | Reached skill level 5 in Armour
 14508 | D:15     | Entered Level 15 of the Dungeon
 14874 | D:15     | Noticed a fire dragon
 14888 | D:15     | Killed a fire dragon
 14898 | D:15     | Found a staircase to the Depths.
 14957 | D:15     | Reached XP level 14. HP: 97/128 MP: 22/22
 15888 | Orc:1    | Entered Level 1 of the Orcish Mines
 16056 | Orc:1    | Reached skill level 14 in Unarmed Combat
 16425 | Orc:1    | Found a bloodstained altar of Trog.
 16562 | Orc:2    | Entered Level 2 of the Orcish Mines
 17014 | Orc:2    | Noticed an orc warlord
 17048 | Orc:2    | Killed an orc warlord
 17153 | Orc:2    | Found Vanlafeith's Jewellery Shoppe.
 17178 | Orc:2    | Found Fyirchino's Assorted Antiques.
 17281 | Orc:2    | Found a roughly hewn altar of Beogh.
 17286 | Orc:2    | Reached skill level 5 in Dodging
 18048 | Orc:2    | Found a staircase to the Elven Halls.
 18108 | Orc:2    | Reached skill level 1 in Transmutations
 18127 | Orc:2    | Paralysed by an orc sorcerer for 7 turns
 18404 | Orc:2    | Noticed an orc warlord
 18436 | Orc:2    | Killed an orc warlord
 18607 | Orc:2    | Found Ecunyl Piom's Weapon Boutique.
 18607 | Orc:2    | Reached ***** piety under Ashenzari
 18688 | Orc:2    | Found Unom's Assorted Antiques.
 18738 | Orc:2    | Bought a curved gold wand for 120 gold pieces
 18751 | Orc:2    | Found a roughly hewn altar of Beogh.
 18902 | Orc:2    | Bought the ring of Inkecve {rF++ MP+9} for 801 gold pieces
 19056 | Lair:1   | Entered Level 1 of the Lair of Beasts
 19272 | Lair:1   | Learned a level 6 spell: Freezing Cloud
 20556 | Lair:2   | Reached XP level 15. HP: 76/136 MP: 24/24
 21131 | Lair:3   | Reached skill level 1 in Shields
 22200 | Lair:4   | Identified the +6 leather armour of Zourow {Regen+ Int-5 SInv}
 22341 | Lair:4   | Found a hole to the Spider Nest.
 22403 | Lair:4   | Found a staircase to the Swamp.
 22907 | Lair:5   | Reached skill level 15 in Unarmed Combat
 23162 | Lair:5   | Found a staircase to the Slime Pits.
 23232 | Lair:5   | Reached skill level 1 in Earth Magic
 23748 | Lair:6   | Entered Level 6 of the Lair of Beasts
 24090 | Lair:6   | Reached ****** piety under Ashenzari
 24653 | Lair:6   | Got the war axe "Beastbane" {flame, Dex+3}
 25297 | Depths:1 | Entered Level 1 of the Depths
 25333 | Depths:1 | Reached skill level 5 in Transmutations
 25688 | Depths:1 | Learned a level 3 spell: Regeneration
 25863 | Depths:1 | Identified the +3 war axe "Beastbane" {flame, Dex+3} (You found it on level 6 of the Lair of Beasts)
 25913 | Depths:1 | Found a gateway to Hell.
 26121 | Depths:1 | Noticed a frost giant
 26147 | Depths:1 | Noticed a frost giant
 26177 | Depths:1 | HP: 4/136 [juggernaut skeleton[a necromancer] (42)]
 26178 | Depths:1 | Killed from afar by a frost giant

Vault maps used:
D:1:      sevenhm_arrival_forest_fort_large_2
D:3:      chequers_temple_overflow_minitemple, kennysheep_generic_room_10
D:4:      old_standard_altar, enter_ossuary_4, first_ration
D:5:      kennysheep_mini_moat
D:6:      lemuel_blue_sif_altar, chequers_temple_overflow_statue_of_worship
D:7:      nicolae_ru_the_path_less_chosen, minmay_temple_entry_mist, the_bakery,
          kennysheep_windowed_goal
D:8:      eino_tiny_chamber
D:9:      nicolae_overflow_crystal_walls,
          nicolae_gozag_cash_rules_everything_around_me, enter_bailey_8
D:10:     erik_lair_dragon, kennysheep_orc_monster_closet_entryway,
          serial_shops, shop, uniq_snorg
D:11:     uniq_nergalle
D:13:     grunt_vaults_entry_fortified, lab_entry_generic, basic_altar
D:14:     minmay_misc_feat_diagonals, nicolae_qazlal_general_emergency,
          uniq_sonja
D:15:     grunt_enter_depths_hoard, minmay_misc_feat_secret_circle
Temple:   pf_slime_end_temple
Lair:2:   lemuel_fruit_fields, lemuel_fruit_fields, minmay_lair_oklob_chamber,
          serial_bayou_shore_b
Lair:3:   grunt_megastairs_4
Lair:4:   minmay_swamp_entry_worms, spider_nest_entry_funnel_web
Lair:5:   minmay_slime_entry_pillars, grunt_megastairs_2
Lair:6:   gammafunk_lair_ancient_temple, serial_forest,
          infiniplex_forest_clump_small, infiniplex_forest_lined_4_way,
          infiniplex_forest_end_3, infiniplex_forest_end_3,
          infiniplex_forest_straight_4, infiniplex_forest_straight_2,
          infiniplex_forest_lined_3_way, infiniplex_forest_lined_room_2,
          lookout_lair_type
Orc:1:    trog_hazing_becter
Orc:2:    pubby_orc_utopia
Depths:1: grunt_hell_entry_dis_mu, evilmike_minifort
Lab:      labyrinth_spiral, lab_fountain, lab_statue, labyrinth_lava_lair
Ossuary:  ossuary_tomb_2
Bailey:   bailey_polearm_3, bailey

Skill      XL: |  1  2  3  4  5  6  7  8  9 10 11 12 13 14 15 |
---------------+----------------------------------------------+-----
Conjurations   | 1 2 3 4 6 7 9 10 | 10.2
Unarmed Combat | 1 2 3 4 5 6 8 10 11 12 13 14 15 | 15.0
Fighting       | 3 5 |  5.7
Spellcasting   | 3 4 6 7 |  7.5
Evocations     | 3 5 7 |  7.4
Dodging        | 3 5 |  5.1
Armour         | 2 5 |  5.0
Transmutations | 2 5 |  5.4
Shields        | 4 |  4.9
Earth Magic    | 4 |  4.3
Stealth        | |  1.0
Summonings     | |  0.6
Translocations | |  0.6

Action                   |  1- 3 |  4- 6 |  7- 9 | 10-12 | 13-15 || total
-------------------------+-------+-------+-------+-------+-------++-------
Melee: Unarmed           |   130 |   247 |   363 |   653 |  1583 ||  2976
       Punch             |       |     3 |     7 |    29 |    72 ||   111
 Cast: Magic Dart        |       |     4 |    16 |       |       ||    20
       Mephitic Cloud    |       |       |     5 |    31 |    83 ||   119
Invok: Curse Item        |       |       |     2 |     1 |     2 ||     5
       Scrying           |       |       |       |       |     1 ||     1
 Abil: Evoke Berserk Rag |       |       |       |     1 |       ||     1
Evoke: Wand              |       |       |       |    22 |    34 ||    56
       Sack of spiders   |       |       |       |       |     1 ||     1
  Use: Potion            |     1 |       |     1 |     9 |     3 ||    14
       Scroll            |       |     5 |     6 |    14 |     8 ||    33
 Stab: Sleeping          |       |     2 |     2 |       |       ||     4
       Paralysed         |       |       |       |    19 |    26 ||    45
       Confused          |       |       |       |     9 |    34 ||    43
       Petrified         |       |       |       |       |    11 ||    11
  Eat: Chunk             |    18 |    10 |    44 |    56 |   121 ||   249
       Ration            |       |       |       |       |     1 ||     1
Armor: Robe              |    57 |    78 |    61 |    48 |       ||   244
       Skin              |       |       |     7 |    27 |       ||    34
       Troll leather arm |       |       |       |    79 |   305 ||   384
Dodge: Dodged            |    55 |    99 |   162 |   338 |   853 ||  1507
Block: Shield            |       |       |       |       |    73 ||    73

Table legend:
 A = Spawn XP
 B = Non-spawn XP
 C = Spawn XP percentage of total XP
 D = Spawn monster count
 E = Non-spawn monster count
 F = Spawn count percentage of total count
 G = Total turns spent on level
                    A         B        C        D         E        F      G
               +---------+---------+-------+---------+---------+-------+---------
         Total |       0 |  147963 |   0.0 |       0 |     791 |   0.0 | 26178
               +---------+---------+-------+---------+---------+-------+---------
           D:1 |       0 |      51 |   0.0 |       0 |      27 |   0.0 |  1151
           D:2 |       0 |      72 |   0.0 |       0 |      25 |   0.0 |   557
           D:3 |       0 |     301 |   0.0 |       0 |      25 |   0.0 |   696
           D:4 |       0 |     445 |   0.0 |       0 |      11 |   0.0 |   804
           D:5 |       0 |     611 |   0.0 |       0 |      20 |   0.0 |   739
           D:6 |       0 |    1223 |   0.0 |       0 |      20 |   0.0 |   976
           D:7 |       0 |     453 |   0.0 |       0 |      11 |   0.0 |   979
           D:8 |       0 |     911 |   0.0 |       0 |      16 |   0.0 |   840
           D:9 |       0 |    4439 |   0.0 |       0 |      33 |   0.0 |   963
          D:10 |       0 |    6021 |   0.0 |       0 |      53 |   0.0 |  1262
          D:11 |       0 |    4783 |   0.0 |       0 |      41 |   0.0 |   983
          D:12 |       0 |    3929 |   0.0 |       0 |      20 |   0.0 |   815
          D:13 |       0 |   16527 |   0.0 |       0 |      50 |   0.0 |  1645
          D:14 |       0 |   10083 |   0.0 |       0 |      29 |   0.0 |  1334
          D:15 |       0 |   11217 |   0.0 |       0 |      25 |   0.0 |  1149
        Lair:1 |       0 |    3417 |   0.0 |       0 |      18 |   0.0 |   873
        Lair:2 |       0 |    5974 |   0.0 |       0 |      23 |   0.0 |  1073
        Lair:3 |       0 |    6309 |   0.0 |       0 |      24 |   0.0 |  1083
        Lair:4 |       0 |    5075 |   0.0 |       0 |      23 |   0.0 |   692
        Lair:5 |       0 |    8987 |   0.0 |       0 |      30 |   0.0 |  1043
        Lair:6 |       0 |   11310 |   0.0 |       0 |      36 |   0.0 |  1257
         Orc:1 |       0 |    1812 |   0.0 |       0 |      24 |   0.0 |   684
         Orc:2 |       0 |   21734 |   0.0 |       0 |     147 |   0.0 |  2382
      Depths:1 |       0 |   11896 |   0.0 |       0 |      15 |   0.0 |   881
           Lab |       0 |    1791 |   0.0 |       0 |       3 |   0.0 |   332
       Ossuary |       0 |     330 |   0.0 |       0 |      28 |   0.0 |   314
        Bailey |       0 |    8262 |   0.0 |       0 |      14 |   0.0 |   542
               +---------+---------+-------+---------+---------+-------+---------
